 Dungeon Crawl Stone Soup version 0.30.0-11-gf55b779eaf (webtiles) character file.

Game seed: 9085065617393490194

98 browni3141 the Ducker (level 5, -1/40 HPs)
             Began as a Djinni Fighter on May 16, 2023.
             Slain by a hound (3 damage)
             ... on level 3 of the Dungeon.
             The game lasted 00:03:55 (2676 turns).

browni3141 the Ducker (Djinni Fighter)              Turns: 2676, Time: 00:03:55

Health: -1/40      AC:  3    Str: 15    XL:     5   Next: 1%
Gold:   133        EV: 12    Int: 10    God:
                   SH:  5    Dex: 14

rFire   + + .        a - +0 long sword
rCold   + + .        c - +0 buckler
rNeg    . . .        I - +0 leather armour "Jesovam" {rC++}
rPois   ∞            (no helmet)
rElec   .            (no cloak)
rCorr   .            (no gloves)
SInv    .            (boots unavailable)
Will    +....        (no amulet)
Stlth   +            P - ring of willpower
HPRegen 0.26/turn    L - ring of protection from cold
MPRegen 0.00/turn

%: infuse magic (-2 HP)
@: flying, very slightly contaminated
A: sickness immunity, fire resistance 2, cold vulnerability 1, float, innate
caster, HP casting, extra vitality 1
a: no special abilities


You were on level 3 of the Dungeon.
You visited 1 branch of the dungeon, and saw 4 of its levels.

You collected 133 gold pieces.

Inventory:

Hand Weapons
 a - a +0 long sword (weapon)
Missiles
 T - 6 boomerangs
Armour
 b - a +0 scale mail
 c - a +0 buckler (worn)
 H - an orb of light
 I - the +0 leather armour "Jesovam" (worn) {rC++}
   (You found it on level 3 of the Dungeon)

   rC:        It greatly protects you from cold.
 U - a +0 leather armour
Jewellery
 K - a ring of resist corrosion
 L - a ring of protection from cold (right hand)
 P - a ring of willpower (left hand)
Scrolls
 O - a scroll of identify {unknown}
 Q - 2 scrolls of vulnerability {unknown}
 R - a scroll of summoning {unknown}
 V - 5 scrolls of teleportation {unknown}
 Y - 3 scrolls of amnesia {unknown}
 Z - 2 scrolls of magic mapping {unknown}
Potions
 J - a potion of berserk rage {unknown}
 M - a potion of might
 N - 2 potions of magic {unknown}
 S - 2 potions of curing {unknown}
 W - a potion of cancellation {unknown}
 X - a potion of attraction {unknown}


   Skills:
 - Level 3.1 Fighting
 - Level 1.9 Long Blades
 - Level 3.1 Armour
 * Level 3.4 Dodging
 - Level 3.1 Shields
 * Level 1.2 Spellcasting


You knew the following spells:

 Your Spells              Type           Power      Damage    Failure   Level
a - Shock                 Conj/Air       12%        1d3       32%         1
x - Call Imp              Summ           6%         N/A       43%         2
Your spell library was empty.

Dungeon Overview and Level Annotations

Branches:
Dungeon (4/15)
 Temple: D:4-7

Altars:


Innate Abilities, Weirdness & Mutations

You are immune to sickness and miasma.
You are immune to poison.
Your flesh is very heat resistant. (rF++)
You are vulnerable to cold. (rC-)
You float through the air rather than walking.
You learn spells naturally, not from books.
Your magical power is your life essence.
You have superior vitality. (+4 MHP)


Message History

That beam is likely to hit you.
Continue anyway? [Y]es or [N]o only, please.
That beam is likely to hit you.
Continue anyway?
Okay, then.
The hound attacks as you move away! The hound barely misses you.
The hound bites you.
There is a stone staircase leading up here.
You miscast Shock.
You are very lightly contaminated with residual magic.
Nothing appears to happen.
The hound bites you but does no damage.
The zap misses the hound.
The zap misses the kobold.
The hound bites you but does no damage. The hound closely misses you.
You block the hound's attack.
You fly upwards.
There is a stone staircase leading down here.
You barely miss the hound. The hound closely misses you. x2
You closely miss the hound. You block the hound's attack. x2
You barely miss the hound. The hound bites you. x2
Your magical contamination has completely faded away.
You slash the hound!
The hound is heavily wounded.
The hound bites you but does no damage. x2
You miss the hound.
The hound is heavily wounded.
The hound bites you. The hound misses you.
You hit the hound but do no damage.
The hound is heavily wounded.
You block the hound's attack. x2
You hit the hound but do no damage.
The hound is heavily wounded.
The hound bites you but does no damage. The hound closely misses you.
You hit the hound.
The hound is severely wounded.
The hound barely misses you.
The hound pauses to sniff the ground.
The hound bites you but does no damage.
You miss the hound.
The hound is severely wounded.
The hound bites you but does no damage. The hound closely misses you.
You miss the hound.
The hound is severely wounded.
You block the hound's attack. The hound closely misses you.
The hound closely misses you. The hound attacks as you move away!
The hound bites you but does no damage.
Aiming: Shock (safe; 32% risk of failure)
Press: ? - help, Q - select action, (/) - cycle Shift-Dir - straight line The zap hits the hound but does no damage.
The hound is severely wounded.
The zap hits the hound.
The hound is severely wounded.
The hound misses you. You block the hound's attack.
Aiming: Shock (safe; 32% risk of failure)
Press: ? - help, Q - select action, (/) - cycle Shift-Dir - straight line You miscast Shock.
You are very lightly contaminated with residual magic.
Nothing appears to happen.
The hound bites you.
Aiming: Shock (safe; 32% risk of failure)
Press: ? - help, Q - select action, (/) - cycle Shift-Dir - straight line You miscast Shock.
Nothing appears to happen.
The hound bites you. The hound bites you but does no damage.
Aiming: Shock (safe; 32% risk of failure)
Press: ? - help, Q - select action, (/) - cycle Shift-Dir - straight line The zap hits the hound.
The hound is almost dead.
The zap hits the hound.
The hound is almost dead.
The hound misses you.
Aiming: Shock (safe; 32% risk of failure)
Press: ? - help, Q - select action, (/) - cycle Shift-Dir - straight line You miscast Shock.
Nothing appears to happen.
* * * LOW HITPOINT WARNING * * *
The hound bites you.
* * * LOW HITPOINT WARNING * * *
The hound misses you.
You completely miss the hound.
The hound is almost dead.
The hound bites you but does no damage. The hound bites you.
* * * LOW HITPOINT WARNING * * *
You barely miss the hound.
The hound is almost dead.
The hound barely misses you. The hound bites you.
* * * LOW HITPOINT WARNING * * *
You hit the hound but do no damage.
The hound is almost dead.
The hound bites you.
* * * LOW HITPOINT WARNING * * *
The hound bites you.
* * * LOW HITPOINT WARNING * * *
You barely miss the hound.
The hound is almost dead.
The hound bites you.
* * * LOW HITPOINT WARNING * * *
The hound bites you but does no damage.
You don't have enough health to cast this spell.
You don't have enough health to cast this spell.
You hit the hound.
The hound is almost dead.
The hound bites you.
You die...

############ #.>........#
############ #.###..###.#
#..........# #.###..###.#
#.########.##
#.##.....#.###.# ##...#
#.##...#.......# #.....
#.#.......>##### #.....
#........h.# #.....
###.#.###@############.†.#
#)###.##.#........# ##.##
##.#..##.#......#.# #....
#..#.##.#......#.###..##
#.......#......#.##.....
####.####........##..#.#
#######.# #......#.##..#.#
#.......# #........##.....
#.#####.# ##.##..........#


You could see a hound.

Vanquished Creatures
  4 adders
  2 worms (D:3)
  A dart slug (D:2)
  4 endoplasms
  3 giant cockroaches (D:1)
  10 hobgoblins
  6 kobolds
  3 quokkas (D:2)
  4 ball pythons
  5 bats
  A frilled lizard (D:2)
  3 goblins
  5 rats
51 creatures vanquished.

Notes
Turn   | Place    | Note
-------+----------+-------------------------------------------
     0 | D:1      | browni3141 the Djinni Fighter began the quest for the Orb.
     0 | D:1      | Reached XP level 1. HP: 20/20 MP: 0/0
   267 | D:1      | Reached XP level 2. HP: 24/25 MP: 0/0
   906 | D:2      | Reached XP level 3. HP: 30/30 MP: 0/0
   906 | D:2      | Learned a level 1 spell: Shock
  1209 | D:2      | Reached XP level 4. HP: 35/35 MP: 0/0
  1476 | D:2      | Found a faded altar of an unknown god.
  1659 | D:2      | Reached skill level 3 in Dodging
  1879 | D:3      | Identified the +0 leather armour "Jesovam" {rC++}
  2527 | D:3      | Reached XP level 5. HP: 35/40 MP: 0/0
  2527 | D:3      | Learned a level 2 spell: Call Imp
  2675 | D:3      | HP: 1/40 [hound (5)]
  2676 | D:3      | Slain by a hound

Illustrated notes

Levels and vault maps discovered:
D:1:      dpeg_arrival_renting, layout_basic, minmay_misc_feat_columns
D:2:      layout_basic, shapermc_ecumenical_altar_venn, grunt_ministairs_11,
          skrybe_limestone_x, corexii_corridor_pit, serial_bayou_pond_e,
          kennysheep_flooded_box
D:3:      layout_loops_cross
D:4:      layout_basic, mainiacjoe_overflow_six_doors_small,
          chequers_serial_rivers_micro_a, minmay_hedge_maze,
          minmay_crystal_water

Skill      XL: |  1  2  3  4 |
---------------+-------------+-----
Dodging        | 1 2 3 |  3.4
Spellcasting   | 1 |  1.2
Fighting       | |  3.1
Long Blades    | |  1.9
Armour         | |  3.1
Shields        | |  3.1

Action                     |  1- 3 |  4- 6 || total
---------------------------+-------+-------++-------
  Melee: Long sword        |    72 |    92 ||   164
   Cast: Shock             |     1 |     7 ||     8
 Armour: Scale mail        |    24 |       ||    24
         Leather armour    |     3 |    21 ||    24
  Dodge: Dodged            |    36 |    51 ||    87
  Block: Buckler           |    17 |    34 ||    51
